 Dungeon Crawl Stone Soup version 0.27.0-1-g7a08968 (webtiles) character file.

Game seed: 17227543384864255012

205 Illumine the Shield-Bearer (level 5, -12/47 HPs)
             Began as a Gnoll Fighter on Aug 28, 2021.
             Mangled by an orc warrior (13 damage)
             ... on level 3 of the Dungeon.
             The game lasted 00:01:55 (2687 turns).

Illumine the Shield-Bearer (Gnoll Fighter)          Turns: 2687, Time: 00:01:55

Health: -12/47     AC:  7    Str: 15    XL:     5   Next: 83%
Magic:  7/7        EV:  8    Int:  8    God:
Gold:   84         SH: 10    Dex: 12    Spells: 7/7 levels left

rFire    . . .     SeeInvis .   a - +0 war axe
rCold    . . .     Faith    .   c - +0 kite shield
rNeg     . . .     Spirit   .   b - +0 scale mail
rPois    .         Reflect  .   (no helmet)
rElec    .         Harm     .   (no cloak)
rCorr    .         Rampage  .   (no gloves)
Will     .....                  (no boots)
Stlth    ..........             (no amulet)
HPRegen  0.15/turn              (no ring)
MPRegen  0.10/turn              (no ring)

@: mighty
A: fangs 1, strong nose, distributed training
a: no special abilities


You were on level 3 of the Dungeon.
You visited 1 branch of the dungeon, and saw 3 of its levels.

You collected 84 gold pieces.

Inventory:

Hand Weapons
 a - a +0 war axe (weapon)
Armour
 b - a +0 scale mail (worn)
 c - a +0 kite shield (worn)
Jewellery
 h - a ring of protection from cold
Wands
 i - a wand of flame (15)
 l - a wand of iceblast (12)
Scrolls
 e - a scroll of noise
 g - 2 scrolls of teleportation {unknown}
 j - a scroll of amnesia {unknown}
Potions
 f - 2 potions of mutation {unknown}
 k - a potion of heal wounds
 m - a potion of degeneration {unknown}


   Skills:
 + Level 6.7 Fighting
 + Level 1.6 Short Blades
 + Level 1.6 Long Blades
 + Level 4.8 Axes
 + Level 1.6 Maces & Flails
 + Level 1.6 Polearms
 + Level 1.6 Staves
 + Level 1.6 Slings
 + Level 1.6 Bows
 + Level 1.6 Crossbows
 + Level 1.6 Throwing
 + Level 6.7 Armour
 + Level 1.6 Dodging
 + Level 1.6 Stealth
 + Level 6.7 Shields
 + Level 1.6 Unarmed Combat
 + Level 1.6 Spellcasting
 + Level 1.3 Conjurations
 + Level 1.3 Hexes
 + Level 1.3 Summonings
 + Level 1.3 Necromancy
 + Level 1.3 Translocations
 + Level 1.3 Transmutations
 + Level 1.3 Fire Magic
 + Level 1.3 Ice Magic
 + Level 1.3 Air Magic
 + Level 1.3 Earth Magic
 + Level 1.3 Poison Magic
 + Level 1.9 Invocations
 + Level 1.6 Evocations


You had 7 spell levels left.
You didn't know any spells.
Your spell library was empty.

Dungeon Overview and Level Annotations

Branches:
Dungeon (3/15)

Altars:
The Shining One


Innate Abilities, Weirdness & Mutations

You have very sharp teeth.
Your uncanny sense of smell can sniff out nearby items.
Your experience applies equally to all skills.


Message History

You see here an adder corpse.
An orc comes into view. It is wielding a +0 flail.
You feel sick.
The orc shouts!
You hear a shout!
An orc warrior comes into view. It is wielding a +0 long sword.
You feel sick.
An orc is nearby!
An orc is nearby!
You feel sick.
The orc warrior shouts!
You hear a shout!
You closely miss the orc.
You feel sick.
You are no longer poisoned.
The orc closely misses you.
You slash the orc!
You kill the orc!
You hit the orc warrior.
The orc warrior is lightly wounded.
You block the orc warrior's attack.
The orc warrior hits you with a +0 long sword.
You hit the orc warrior.
The orc warrior is moderately wounded.
The orc warrior hits you with a +0 long sword.
You hit the orc warrior but do no damage.
The orc warrior is moderately wounded.
You block the orc warrior's attack.
An orc comes into view. It is wielding a +0 dagger.
The orc warrior hits you with a +0 long sword.
You feel very mighty all of a sudden.
The orc warrior hits you with a +0 long sword!
* * * LOW HITPOINT WARNING * * *
Your shield prevents you from hitting the orc warrior.
The orc warrior is moderately wounded.
The orc warrior hits you but does no damage.
You hit the orc warrior.
The orc warrior is severely wounded.
The orc warrior hits you with a +0 long sword!
* * * LOW HITPOINT WARNING * * *
A ball python comes into view.
The orc warrior hits you with a +0 long sword!
You die...

##......# #.#.........
... ###
##).....#####...########
##.. #..
'').....+..............
....>#..
##......######..#######
#...... .#......#
##.......# #.####†
.#......# #..####.#
#...... .######## ##.#
######. .# #†# ####+ .#
#@## ..... .#
##oo######. ∆..... .#
#.......... ∆..... .#
#.#)######. ..... .#
#.#.# ..... ..#.. .....
#####.# ##### .S . .## #


You could see an orc warrior, an orc and a ball python (wandering).

Vanquished Creatures
  A sky beast (D:3)
  An orc wizard (D:3)
  2 adders
  An adder skeleton (D:2)
  A worm (D:2)
  A dart slug (D:2)
  4 orcs (D:3)
  A ball python (D:1)
  6 endoplasms
  4 giant cockroaches
  8 hobgoblins
  6 jackals (D:2)
  A quokka (D:2)
  3 bats
  3 frilled lizards
  3 goblins
  3 kobolds
  3 rats
52 creatures vanquished.

Vanquished Creatures (others)
  An orc (D:3)
  2 plants (D:2)
3 creatures vanquished.

Grand Total: 55 creatures vanquished

Notes
Turn   | Place    | Note
-------+----------+-------------------------------------------
     0 | D:1      | Illumine the Gnoll Fighter began the quest for the Orb.
     0 | D:1      | Reached XP level 1. HP: 23/23 MP: 1/1
   240 | D:1      | Reached XP level 2. HP: 27/29 MP: 2/2
   276 | D:1      | Found a faded altar of an unknown god.
   793 | D:2      | Reached XP level 3. HP: 34/35 MP: 3/3
  1189 | D:2      | Reached skill level 1 in Invocations
  1199 | D:2      | Reached skill level 1 in Short Blades
  1199 | D:2      | Reached skill level 1 in Long Blades
  1199 | D:2      | Reached skill level 1 in Maces & Flails
  1199 | D:2      | Reached skill level 1 in Polearms
  1199 | D:2      | Reached skill level 1 in Staves
  1199 | D:2      | Reached skill level 1 in Slings
  1199 | D:2      | Reached skill level 1 in Bows
  1199 | D:2      | Reached skill level 1 in Crossbows
  1199 | D:2      | Reached skill level 1 in Throwing
  1199 | D:2      | Reached skill level 1 in Dodging
  1199 | D:2      | Reached skill level 1 in Stealth
  1199 | D:2      | Reached skill level 1 in Unarmed Combat
  1199 | D:2      | Reached skill level 1 in Spellcasting
  1199 | D:2      | Reached skill level 1 in Evocations
  1277 | D:2      | Found a glowing golden altar of the Shining One.
  1364 | D:2      | Reached XP level 4. HP: 31/41 MP: 5/5
  1823 | D:3      | Noticed a sky beast
  1833 | D:3      | Killed a sky beast
  1834 | D:3      | Reached skill level 1 in Conjurations
  1834 | D:3      | Reached skill level 1 in Hexes
  1834 | D:3      | Reached skill level 1 in Summonings
  1834 | D:3      | Reached skill level 1 in Necromancy
  1834 | D:3      | Reached skill level 1 in Translocations
  1834 | D:3      | Reached skill level 1 in Transmutations
  1834 | D:3      | Reached skill level 1 in Fire Magic
  1834 | D:3      | Reached skill level 1 in Ice Magic
  1834 | D:3      | Reached skill level 1 in Air Magic
  1834 | D:3      | Reached skill level 1 in Earth Magic
  1834 | D:3      | Reached skill level 1 in Poison Magic
  1834 | D:3      | Reached XP level 5. HP: 30/47 MP: 5/7
  2675 | D:3      | Noticed an orc warrior
  2685 | D:3      | HP: 1/47 [orc warrior (14)]
  2687 | D:3      | Mangled by an orc warrior

Illustrated notes

Levels and vault maps discovered:
D:1:      psy_arrival_statuary, layout_basic, serial_corexii_hall,
          corexii_hall_statues_s, corexii_hall_statues_x,
          shapermc_ecumenical_altar_notcrosses, minmay_hedge_maze, hex_tiny
D:2:      layout_loops_corners, basic_altar, serial_bayou_lagoon_b
D:3:      layout_basic, mainiacjoe_overflow_paths

Skill      XL: |  1  2  3  4 |
---------------+-------------+-----
Invocations    | 1 |  1.9
Short Blades   | 1 |  1.6
Long Blades    | 1 |  1.6
Maces & Flails | 1 |  1.6
Polearms       | 1 |  1.6
Staves         | 1 |  1.6
Slings         | 1 |  1.6
Bows           | 1 |  1.6
Crossbows      | 1 |  1.6
Throwing       | 1 |  1.6
Dodging        | 1 |  1.6
Stealth        | 1 |  1.6
Unarmed Combat | 1 |  1.6
Spellcasting   | 1 |  1.6
Evocations     | 1 |  1.6
Conjurations   | 1 |  1.3
Hexes          | 1 |  1.3
Summonings     | 1 |  1.3
Necromancy     | 1 |  1.3
Translocations | 1 |  1.3
Transmutations | 1 |  1.3
Fire Magic     | 1 |  1.3
Ice Magic      | 1 |  1.3
Air Magic      | 1 |  1.3
Earth Magic    | 1 |  1.3
Poison Magic   | 1 |  1.3
Fighting       | |  6.7
Axes           | |  4.8
Armour         | |  6.7
Shields        | |  6.7

Action                   |  1- 3 |  4- 6 || total
-------------------------+-------+-------++-------
Melee: War axe           |    99 |    73 ||   172
       Bite              |     7 |     9 ||    16
  Use: Scroll            |       |     2 ||     2
       Potion            |       |     1 ||     1
Armor: Scale mail        |    49 |    28 ||    77
Dodge: Dodged            |    29 |    18 ||    47
Block: Kite shield       |    71 |    31 ||   102
